 Dungeon Crawl Stone Soup version 0.28.0-47-ge53b351184 (webtiles) character file.

Game seed: 2113530900624873900

305 Bruhh the Magician (level 6, 0/40 HPs)
             Began as a Djinni Fire Elementalist on Apr 28, 2022.
             Engulfed by a cloud of flame (3 damage)
             ... on level 3 of the Dungeon.
             The game lasted 00:04:40 (4124 turns).

Bruhh the Magician (Djinni Fire Elementalist)       Turns: 4124, Time: 00:04:40

Health: 0/40       AC:  2    Str:  7    XL:     6   Next: 67%
Gold:   102        EV: 12    Int: 31    God:
                   SH:  0    Dex: 13

rFire   + + .      SeeInvis .   (no weapon)
rCold   x . .      Faith    .   (no shield)
rNeg    . . .      Spirit   .   a - +0 robe
rPois   ∞          Reflect  .   (no helmet)
rElec   .          Harm     .   (no cloak)
rCorr   .          Rampage  .   (no gloves)
Will    .....                   (boots unavailable)
Stlth   ++........              (no amulet)
HPRegen 0.13/turn               c - +6 ring of intelligence
MPRegen 0.00/turn               f - +6 ring of intelligence

@: flying
A: sickness immunity, fire resistance 2, cold vulnerability 1, float, innate
caster, HP casting, extra vitality 1
a: no special abilities


You were on level 3 of the Dungeon.
You visited 1 branch of the dungeon, and saw 3 of its levels.

You collected 102 gold pieces.

Inventory:

Armour
 a - a +0 robe (worn)
Jewellery
 c - a +6 ring of intelligence (left hand)
 f - a +6 ring of intelligence (right hand)
 l - a ring of positive energy
Wands
 n - a wand of flame (9)
Scrolls
 b - a scroll of magic mapping {unknown}
 d - a scroll of holy word {unknown}
 e - 2 scrolls of amnesia {unknown}
 g - a scroll of blinking {unknown}
 h - a scroll of torment {unknown}
 i - a scroll of fear {unknown}
 j - 2 scrolls of noise {unknown}
 m - 2 scrolls of identify {unknown}
 o - a scroll of acquirement {unknown}
 q - a scroll of teleportation {unknown}
Potions
 k - a potion of flight {unknown}
 p - 2 potions of degeneration {unknown}


   Skills:
 - Level 2.1 Dodging
 - Level 1.5 Stealth
 + Level 5.4 Spellcasting


You couldn't memorise any spells.
You knew the following spells:

 Your Spells              Type           Power      Damage    Failure   Level
a - Foxfire               Conj/Fire      100%       2x1d9     1%          1
b - Scorch                Fire           82%        2d9       1%          2
c - Conjure Flame         Conj/Fire      41%        6-21      1%          3
d - Inner Flame           Hex/Fire       41%        N/A       1%          3
e - Flame Wave            Conj/Fire      41%        2d9       5%          4
f - Slow                  Hex            100%       N/A       1%          1
g - Call Imp              Summ           41%        N/A       1%          2
Your spell library was empty.

Dungeon Overview and Level Annotations

Branches:
Dungeon (3/15)

Altars:
Vehumet
Yredelemnul

Shops:
D:2 [[:[!

Annotations:
D:3 3 runed translucent doors, supermoro's ghost, amateur DECj


Innate Abilities, Weirdness & Mutations

You are immune to sickness and miasma.
You are immune to poison.
Your flesh is very heat resistant. (rF++)
You are vulnerable to cold. (rC-)
You float through the air rather than walking.
You learn spells naturally, not from books.
Your magical power is your life essence.
You have superior vitality. (+4 MHP)


Message History

Flames lash the jelly.
The jelly is almost dead.
The jelly's fire resistance burns away.
The endoplasm barely misses you. The endoplasm freezes you.
You are frozen!
You feel a terrible chill!
The jelly hits the fungus.
The fungus is splashed with acid.
Casting: Scorch (safe; 1% risk of failure)
Confirm with . or Enter, or press ? or * to list all spells.
Aiming: Inner Flame (safe; 1% risk of failure)
Press: ? - help, Dir - move target, f - endoplasm
Aim: an endoplasm (chance to affect: 97%)
The endoplasm is filled with an inner flame.
The endoplasm hits the fungus.
The fungus begins to die.
The endoplasm barely misses you. The endoplasm freezes you.
You are frozen.
You feel a terrible chill!
The jelly hits the fungus.
The fungus is splashed with acid.
The acid corrodes the fungus!
Casting: Inner Flame (safe; 1% risk of failure)
Confirm with . or Enter, or press ? or * to list all spells.
Casting: Flame Wave (dangerous; 5% risk of failure)
Press: ? - help, Dir - look around, f - activate A wave of flame ripples out!
The flame wave engulfs the endoplasm!
The flame wave engulfs the endoplasm!!
You kill the endoplasm! (Press . to intensify the flame waves.)
* * * LOW HITPOINT WARNING * * *
The endoplasm explodes!
The fiery explosion engulfs the jelly!!!
The jelly is burned terribly!
You kill the jelly!
The fiery explosion engulfs the fungus!!!
The fungus is lightly damaged.
The fiery explosion engulfs the endoplasm!!!
You kill the endoplasm!
The fiery explosion engulfs the endoplasm!!
You kill the endoplasm!
The fiery explosion engulfs you! You resist.
* * * LOW HITPOINT WARNING * * *
You are engulfed in blazing flames.
You resist.
You die...

##.#####.#
###########.....#.#
$P.P.P.P.##.###.#.#
....÷÷...##.# #...#
.P.......##.# #####
.P÷..P.J÷##.#
.P..J§§§.##.#
JP.P.P§§.##.#
#######@# #>#
##.)....## #.#
#.######## #.#
##..'....# #.#
####....###.#
#.......##..#
#)......##.##
#.......##.#
#....)..##.#


You could see a jelly and 2 endoplasms.

Vanquished Creatures
  An ogre (D:3)
  A jelly (D:3)
  A scorpion zombie (D:3)
  An orc wizard (D:2)
  4 gnolls
  4 adders
  A worm (D:2)
  3 dart slugs
  4 orcs (D:2)
  7 ball pythons
  12 endoplasms
  4 giant cockroaches
  9 goblins
  4 hobgoblins
  2 jackals (D:3)
  15 kobolds
  5 bats
  3 frilled lizards
  A jackal zombie (D:3)
  5 rats
87 creatures vanquished.

Vanquished Creatures (others)
  14 foxfires
  5 toadstools (D:3)
19 creatures vanquished.

Grand Total: 106 creatures vanquished

Notes
Turn   | Place    | Note
-------+----------+-------------------------------------------
     0 | D:1      | Bruhh the Djinni Fire Elementalist began the quest for the
                  | Orb.
     0 | D:1      | Reached XP level 1. HP: 15/15 MP: 0/0
   243 | D:1      | Reached XP level 2. HP: 16/21 MP: 0/0
   626 | D:1      | Reached skill level 3 in Spellcasting
   751 | D:1      | Reached XP level 3. HP: 18/25 MP: 0/0
   751 | D:1      | Learned a level 1 spell: Slow
   994 | D:1      | Found a faded altar of an unknown god.
  1684 | D:2      | Reached XP level 4. HP: 14/31 MP: 0/0
  2038 | D:2      | Found Lulit's Antique Armour Boutique.
  2073 | D:2      | Found Qaureung's Antique Armour Shop.
  2088 | D:2      | Reached skill level 4 in Spellcasting
  2157 | D:2      | Reached XP level 5. HP: 25/35 MP: 0/0
  2157 | D:2      | Learned a level 2 spell: Call Imp
  2284 | D:2      | Found Letoridgh's Distillery.
  2313 | D:2      | Found Jusk's Book Boutique.
  2439 | D:2      | Found Pijiek's Armour Boutique.
  2696 | D:3      | Noticed an ogre
  2712 | D:3      | Killed an ogre
  2713 | D:3      | Reached skill level 5 in Spellcasting
  2713 | D:3      | Reached XP level 6. HP: 8/40 MP: 0/0
  2980 | D:3      | Found a runed translucent gate.
  2980 | D:3      | Found a runed translucent gate.
  2980 | D:3      | Found a runed translucent gate.
  2980 | D:3      | Noticed supermoro's ghost (amateur DECj)
  2986 | D:3      | Found a basalt altar of Yredelemnul.
  4124 | D:3      | Engulfed by a cloud of flame

Illustrated notes

Levels and vault maps discovered:
D:1:      nicolae_arrival_washed_ashore, layout_loops_ring,
          shapermc_ecumenical_altar_flowoftime
D:2:      layout_rooms, basic_altar, serial_shops, shop, nicolae_square_shop,
          nicolae_shop_behind_doors, nicolae_square_shop, shop
D:3:      cheibrodos_fertilizer, layout_basic, nicolae_yredelemnul_ghost_church,
          minmay_goblin_outpost

Skill      XL: |  1  2  3  4  5 |
---------------+----------------+-----
Spellcasting   | 3 4 5 |  5.4
Dodging        | |  2.1
Stealth        | |  1.5

Action                   |  1- 3 |  4- 6 || total
-------------------------+-------+-------++-------
Melee: Unarmed           |     4 |     3 ||     7
 Cast: Foxfire           |    10 |       ||    10
       Scorch            |    24 |    67 ||    91
       Inner Flame       |     1 |     4 ||     5
       Slow              |       |     4 ||     4
       Flame Wave        |       |     1 ||     1
Armor: Robe              |     4 |     4 ||     8
Dodge: Dodged            |     9 |    23 ||    32
